 Dungeon Crawl Stone Soup version 0.26-a0-844-g3dd439832f (webtiles) character file.

Game seed: 11416679549539211719

3210 stormannnn the Protected (level 9, -1/79 HPs)
             Began as a Minotaur Fighter on Nov 19, 2020.
             Was a Priest of Jiyva.
             Splashed by Psyche's acid (6 damage)
             ... on level 8 of the Dungeon.
             The game lasted 00:10:29 (8093 turns).

stormannnn the Protected (Minotaur Fighter)         Turns: 8093, Time: 00:10:30

Health: -1/79      AC:  9    Str: 21    XL:     9   Next: 65%
Magic:  8/8        EV: 11    Int:  6    God:    Jiyva [***...]
Gold:   296        SH: 11    Dex: 12    Spells: 8/8 levels left

rFire    . . .     SeeInvis .   z - +2 hand axe (holy)
rCold    . . .     Faith    .   c - +0 kite shield
rNeg     . . .     Spirit   .   b - +0 scale mail
rPois    .         Reflect  .   (helmet restricted)
rElec    .         Harm     .   t - +2 cloak {rCorr}
rCorr    +         Rampage  .   (no gloves)
MR       .....                  (no boots)
Stlth    +.........             (no amulet)
HPRegen  0.23/turn              k - ring of stealth
MPRegen  0.11/turn              (no ring)

@: corroded, slowed, lightly drained, very slow
A: retaliatory headbutt, horns 2, icy blue scales 1
a: Request Jelly, Renounce Religion


You were on level 8 of the Dungeon.
You worshipped Jiyva.
Jiyva was most pleased with you.
You visited 2 branches of the dungeon, and saw 9 of its levels.

You collected 296 gold pieces.

Inventory:

Hand Weapons
 z - a +2 hand axe of holy wrath (weapon)
Missiles
 y - 4 silver javelins (quivered)
Armour
 b - a +0 scale mail (worn)
 c - a +0 kite shield (worn)
 t - a +2 cloak of preservation (worn)
Jewellery
 a - an uncursed amulet of magic regeneration
 k - a ring of stealth (left hand)
 A - an uncursed amulet of regeneration {unknown}
Wands
 u - a wand of flame (7)
Scrolls
 g - 3 scrolls of identify
 h - 5 scrolls of immolation {unknown}
 i - 4 scrolls of teleportation {unknown}
 j - 4 scrolls of enchant weapon {unknown}
 m - 2 scrolls of enchant armour {unknown}
 o - 3 scrolls of remove curse {unknown}
 p - 2 scrolls of fear {unknown}
 r - a scroll of fog {unknown}
 s - a scroll of amnesia {unknown}
Potions
 d - 2 potions of might
 e - 2 potions of degeneration {unknown}
 f - 2 potions of curing
 l - a potion of berserk rage {unknown}
 n - 2 potions of haste {unknown}
 q - a potion of invisibility {unknown}
 w - a potion of brilliance {unknown}
 x - a potion of cancellation {unknown}


   Skills:
 + Level 7.1(6.8) Fighting
 * Level 9.0(8.7) Axes
 * Level 9.5(9.2) Armour
 + Level 5.4(5.2) Dodging
 + Level 7.2(6.9) Shields


You had 8 spell levels left.
You didn't know any spells.
Your spell library was empty.

Dungeon Overview and Level Annotations

Branches:
Dungeon (8/15)             Temple (1/1) D:5
   Lair: D:8-11

Altars:
Ashenzari
Cheibriados
Dithmenos
Fedhas
Gozag
Nemelex Xobeh
Okawaru
Qazlal
Ru
Sif Muna
Trog
Uskayaw
Vehumet
Yredelemnul
Zin
The Shining One
Jiyva

Shops:
D:5 }   D:6 ?   D:7 *[!?

Annotations:
D:8 Psyche


Innate Abilities, Weirdness & Mutations

You reflexively headbutt those who attack you in melee.
You have a pair of horns on your head.
You are partially covered in icy blue scales. (AC +2)


Message History

It was a potion of curing.
You feel better.
The gnoll sergeant shouts!
You hear a shout!
Psyche looks braver for a moment.
You block Psyche's attack. x2
A gnoll comes into view. It is wielding a +0 whip.
The gnoll shouts!
You hit Psyche. Your headbutt misses Psyche.
Psyche is almost dead.
You hear a shout!
Psyche begins to cast a cantrip, but forgets the words!
You hear a distant slurping noise.
Jiyva appreciates your sacrifice. Psyche hits you but does no damage.
You are electrocuted!
* * * LOW HITPOINT WARNING * * *
Psyche zaps a wand.
The bolt of acid misses you.
You hear a shout!
You feel better.
Psyche zaps a wand.
The bolt of acid hits you! You resist.
* * * LOW HITPOINT WARNING * * *
You are splashed with acid.
You resist.
You die...

## . .##
... ..#g...
##..g....
#@@.#
#......#
#.........
##..##....#
#.. ..###
##. ..# ##
.# <.


You could see Psyche (fast), a gnoll sergeant and a gnoll.

Vanquished Creatures
  Pikel (D:4)
  Joseph (D:7)
  An orc warrior (D:7)
  2 sky beasts
  A black bear (D:7)
  3 phantoms
  2 centaurs
  2 ogres
  2 lemures (D:4)
  5 bullfrogs
  A wyvern zombie (D:6)
  A scorpion (D:5)
  3 wights (D:7)
  3 howler monkeys (D:7)
  A bullfrog zombie (D:7)
  A hound (D:4)
  2 orc wizards (D:3)
  2 orc priests (D:3)
  Crazy Yiuf (D:7)
  Ijyb (D:4)
  2 bullfrog skeletons (D:5)
  Natasha (thrice) (D:4)
  7 worker ants
  2 hound zombies
  Robin (D:2)
  8 adders
  2 white imps
  3 ufetubi
  2 oozes
  2 adder skeletons
  5 worms
  2 dart slugs
  3 leopard geckos
  6 orcs
  2 bats
  10 giant cockroaches
  12 goblins
  15 hobgoblins
  8 jackals
  A ball python (D:5)
  5 frilled lizards
  9 kobolds
  13 rats
159 creatures vanquished.

Vanquished Creatures (others)
  Prince Ribbit (D:7)
  A bullfrog (D:7)
  2 hounds
  9 jellies
  2 bullfrog skeletons
  An adder (D:7)
  An adder zombie (D:7)
  2 quokkas
  A leopard gecko zombie (D:7)
  4 fungi (D:4)
  36 plants
60 creatures vanquished.

Grand Total: 219 creatures vanquished

Notes
Turn   | Place    | Note
-------+----------+-------------------------------------------
     0 | D:1      | stormannnn the Minotaur Fighter began the quest for the
                  | Orb.
     0 | D:1      | Reached XP level 1. HP: 19/19 MP: 0/0
   150 | D:1      | Reached XP level 2. HP: 27/27 MP: 1/1
   559 | D:1      | Reached XP level 3. HP: 33/33 MP: 2/2
   868 | D:2      | Reached skill level 1 in Dodging
  1058 | D:2      | Noticed Robin
  1072 | D:2      | Killed Robin
  1073 | D:2      | Reached XP level 4. HP: 34/40 MP: 3/3
  1851 | D:3      | Found a sparkling altar of Nemelex Xobeh.
  2386 | D:4      | Reached skill level 5 in Armour
  2386 | D:4      | Reached XP level 5. HP: 46/46 MP: 4/4
  2603 | D:3      | Found a faded altar of an unknown god.
  2815 | D:3      | Found a broken altar of Ashenzari.
  2827 | D:3      | Reached XP level 6. HP: 30/53 MP: 5/5
  3782 | D:4      | Noticed Natasha
  3790 | D:4      | Killed Natasha
  3857 | D:4      | Noticed Natasha
  3864 | D:4      | Killed Natasha
  3963 | D:4      | Reached skill level 5 in Axes
  4052 | D:4      | Noticed Pikel
  4206 | D:4      | Noticed Ijyb
  4211 | D:4      | Killed Ijyb
  4212 | D:4      | Reached XP level 7. HP: 49/60 MP: 6/6
  4414 | D:4      | Noticed Natasha
  4424 | D:4      | Killed Natasha
  4425 | D:4      | Reached skill level 5 in Fighting
  4514 | D:4      | Killed Pikel
  4515 | D:4      | Reached skill level 5 in Shields
  4515 | D:4      | Reached XP level 8. HP: 22/69 MP: 7/7
  4786 | D:4      | Found a stormy altar of Qazlal.
  4791 | D:4      | Found a blossoming altar of Fedhas.
  4947 | D:5      | Entered Level 5 of the Dungeon
  5018 | D:5      | Found a staircase to the Ecumenical Temple.
  5091 | Temple   | Entered the Ecumenical Temple
  5278 | Temple   | Became a worshipper of Jiyva Jituff the Shapeless
  5407 | D:5      | Reached * piety under Jiyva
  5453 | D:5      | Found Hedghuu's Gadget Shop.
  5706 | D:6      | Found a shadowy altar of Dithmenos.
  6084 | D:6      | Reached ** piety under Jiyva
  6178 | D:6      | Reached XP level 9. HP: 65/78 MP: 8/8
  6586 | D:6      | Found Heor's Magic Scroll Shop.
  6744 | D:7      | Found Maolad's Distillery.
  6746 | D:7      | Found Riothrefaob's Armour Shoppe.
  6932 | D:7      | Reached skill level 5 in Dodging
  7135 | D:7      | Reached *** piety under Jiyva
  7160 | D:7      | Gained mutation: You are partially covered in icy blue
                  | scales. (AC +2) [Jiyva's grace]
  7372 | D:7      | Noticed Joseph
  7395 | D:7      | Killed Joseph
  7480 | D:7      | Found a runed translucent door.
  7481 | D:7      | Noticed Crazy Yiuf
  7544 | D:7      | Killed Prince Ribbit
  7773 | D:7      | Found Xusat's General Store.
  7795 | D:7      | Found Solugec's Magic Scroll Boutique.
  7952 | D:7      | Killed Crazy Yiuf
  8074 | D:8      | Noticed Psyche
  8093 | D:8      | Splashed by Psyche's acid

Illustrated notes

Levels and vault maps discovered:
D:1:      scummos_arrival_gate, layout_loops_ring
D:2:      layout_basic, grunt_ministairs_10, minmay_between, uniq_robin
D:3:      layout_loops_ring, lemuel_crystal_altar, lemuel_crystal_altar,
          serial_bayou, serial_bayou_pond_c, serial_bayou_lagoon_a,
          serial_bayou_ford_a, serial_bayou_pond_d,
          chequers_ecumenical_altar_simple_redux, serial_bayou_crossing
D:4:      layout_cave_pools, grunt_temple_overflow_forces_of_nature,
          kennysheep_generic_room_12, uniq_natasha, uniq_pikel, uniq_ijyb
D:5:      layout_cave_pools, temple_doors_e, serial_shops, shop
D:6:      layout_basic, grunt_dithmenos_smoke, serial_shops, shop_scrolls,
          minmay_tree_intersection
D:7:      cheibrodos_barr_body, layout_basic, serial_shops, shop,
          kennysheep_mini_moat, shop, shop, uniq_prince_ribbit1,
          uniq_crazy_yiuf_cottage, uniq_joseph
D:8:      layout_cave_pools, old_standard_altar, gammafunk_temple_overflow_wave,
          fedhas_ov_isle_minmay, uniq_psyche
Temple:   pf_slime_end_temple

Skill      XL: |  1  2  3  4  5  6  7  8  9 |
---------------+----------------------------+-----
Armour         | 4 5 6 7 8 9 |  9.5
Axes           | 3 4 5 6 7 9 |  9.0
Dodging        | 1 2 3 4 5 |  5.4
Fighting       | 4 5 6 7 |  7.1
Shields        | 4 5 6 7 |  7.2

Action                   |  1- 3 |  4- 6 |  7- 9 || total
-------------------------+-------+-------+-------++-------
Melee: War axe           |   107 |   151 |    58 ||   316
       Headbutt          |    10 |    17 |    55 ||    82
       Hand axe          |       |       |   186 ||   186
       Whip              |       |       |     5 ||     5
Evoke: Wand              |       |       |     6 ||     6
  Use: Scroll            |       |       |     1 ||     1
       Potion            |       |       |     2 ||     2
Armor: Scale mail        |    34 |    51 |    67 ||   152
Dodge: Dodged            |    30 |    45 |   100 ||   175
Block: Kite shield       |    52 |    77 |   120 ||   249

Table legend: (Time is in decaauts)
 A = Elapsed time spent in this place.
 B = Non-inter-level travel time spent in this place.
 C = Inter-level travel time spent in this place.
 D = Time resting spent in this place.
 E = Time spent auto-exploring this place.
 F = Levels seen in this place.
 G = Mean time per level.
                   A        B        C        D        E       F      G
               +--------+--------+--------+--------+--------+-----+--------+
         Total |   8261 |   8020 |    241 |   1619 |   5171 |   9 |  917.9 |
       Dungeon |   8055 |   7824 |    231 |   1619 |   5002 |   8 | 1006.9 |
        Temple |    205 |    195 |     10 |      0 |    169 |   1 |  205.0 |
               +--------+--------+--------+--------+--------+-----+--------+

Top non-repeatable levels by time:
     D:4: 1863 daAuts
     D:3: 1376 daAuts
     D:7: 1375 daAuts
     D:6: 994 daAuts
     D:2: 982 daAuts
     D:1: 885 daAuts
     D:5: 556 daAuts
  Temple: 205 daAuts
     D:8: 20 daAuts
